 Dungeon Crawl Stone Soup version 0.22-a0-274-gf8199ec (webtiles) character file.

743 sankara the Cleaver (level 7, -10/57 HPs)
             Began as a Hill Orc Fighter on Mar 14, 2018.
             Was an Initiate of Ashenzari.
             Mangled by PeterLawrence's ghost (12 damage)
             ... on level 5 of the Dungeon.
             The game lasted 00:11:46 (4017 turns).

sankara the Cleaver (Hill Orc Fighter)              Turns: 4017, Time: 00:11:47

Health: -10/57     AC:  7    Str: 25    XL:     7   Next: 76%
Magic:  7/7        EV: 10    Int: 14    God:    Ashenzari [......]
Gold:   190        SH:  9    Dex: 10    Spells: 6/6 levels left

rFire    . . .     SeeInvis .   a - +0 war axe (curse)
rCold    . . .     Gourm    .   c - +0 shield (curse)
rNeg     . . .     Faith    .   b - +0 scale mail
rPois    .         Spirit   .   q - -1 helmet (curse)
rElec    .         Reflect  .   (no cloak)
rCorr    .         Harm     .   (no gloves)
MR       .....                  (no boots)
Stlth    ..........             (no amulet)
HPRegen  0.59/turn              x - +2 ring of evasion
MPRegen  0.10/turn              (no ring)

@: mighty, brilliant
A: regeneration 1, sturdy frame 1
a: Curse Item, Renounce Religion


You were on level 5 of the Dungeon.
You worshipped Ashenzari.
Ashenzari was noncommittal.
You were hungry.

You visited 1 branch of the dungeon, and saw 5 of its levels.

You collected 190 gold pieces.

Inventory:

Hand Weapons
 a - a cursed +0 war axe (weapon)
Missiles
 k - 182 stones (quivered)
 p - 3 silver javelins
 t - 62 sling bullets
Armour
 b - a +0 scale mail (worn)
 c - a cursed +0 shield (worn)
 q - a cursed -1 helmet (worn)
   (You found it on level 1 of the Dungeon)
 y - a +2 ring mail of cold resistance
   (You found it on level 5 of the Dungeon)
Jewellery
 x - a +2 ring of evasion (left hand)
   (You found it on level 4 of the Dungeon)
Scrolls
 e - a scroll of teleportation {unknown}
 g - 4 scrolls of remove curse
 h - a scroll of fog {unknown}
 l - 4 scrolls of identify {unknown}
 m - a scroll of amnesia {unknown}
 n - a scroll of blinking {unknown}
 o - 2 scrolls of immolation {unknown}
 w - a scroll of enchant weapon {unknown}
Potions
 j - a potion of degeneration {unknown}
 r - a potion of invisibility {unknown}
 u - a potion of curing {unknown}
 v - a potion of lignification {unknown}
 z - a potion of haste {unknown}
Comestibles
 f - 9 rations
 A - 3 chunks of flesh {@w0}


   Skills:
 - Level 3.6 Fighting
 + Level 11.0 Axes
 - Level 3.2 Armour
 - Level 3.2 Shields


You had 6 spell levels left.
You didn't know any spells.

Dungeon Overview and Level Annotations

Branches:
Dungeon (5/15)
 Temple: D:4-7

Altars:
Ashenzari
Fedhas

Annotations:
D:5 PeterLawrence's ghost, amateur MiFi


Innate Abilities, Weirdness & Mutations

Your natural rate of healing is unusually fast.
Your movements are slightly less encumbered by armour. (ER -2)


Message History

You butcher the howler monkey corpse.
A - 3 chunks of flesh {@w0} (gained 1)
There is a large open door here.
You see here a howler monkey skeleton.
There is a large open door here.
You see here a howler monkey skeleton.
You enter the shallow water.
Moving in this stuff is going to be slow.
You open the large door.
A jackal zombie comes into view.
A jackal zombie is nearby!
The jackal zombie bites you but does no damage.
There is a large open door here.
Your scale mail prevents you from hitting the jackal zombie.
You block the jackal zombie's attack.
You hit the jackal zombie.
The jackal zombie is moderately damaged.
The jackal zombie bites you but does no damage.
You slash the jackal zombie!
You destroy the jackal zombie!
No target in view!
No target in view!
No target in view!
You open the door.
There is an open door here.
An adder comes into view.
The adder hisses angrily.
You hit the adder but do no damage. You block the adder's attack.
You slash the adder!
You kill the adder!
No target in view!
No target in view!
An orc comes into view. It is wielding a dagger.
Your library has no spells.
An orc is nearby! 2 orcs come into view.
The orc shouts! x2
PeterLawrence's ghost (amateur Minotaur Fighter) comes into view.
It is wielding a weapon of electrocution.
PeterLawrence's ghost turns its malevolent gaze towards you.
The orc hits you but does no damage.
You barely miss the orc. You slash the orc!
You kill the orc!
The orc hits you with a mace.
You slash the orc!
You kill the orc!
You slash the orc!
You kill the orc!
PeterLawrence's ghost barely misses you.
Things that are here:
a +0 mace; an uncursed leather armour; an orc corpse You slash PeterLawrence's ghost!
PeterLawrence's ghost is lightly damaged.
PeterLawrence's ghost hits you but does no damage.
You hit PeterLawrence's ghost but do no damage.
PeterLawrence's ghost is lightly damaged.
You block PeterLawrence's ghost's attack.
You slash PeterLawrence's ghost!
PeterLawrence's ghost is heavily damaged.
PeterLawrence's ghost hits you but does no damage.
You are electrocuted!
You are too injured to fight recklessly!
You are too injured to fight recklessly!
You are too injured to fight recklessly!
You are too injured to fight recklessly!
It was a potion of brilliance.
You feel clever all of a sudden. PeterLawrence's ghost hits you.
You are too injured to fight recklessly!
You are too injured to fight recklessly!
It was a potion of mutation.
You feel extremely strange.
You feel less encumbered by your armour.
You begin to heal more quickly.
PeterLawrence's ghost hits you.
You are electrocuted!
* * * LOW HITPOINT WARNING * * *
An adder comes into view.
The adder hisses angrily.
You feel very mighty all of a sudden. PeterLawrence's ghost hits you.
* * * LOW HITPOINT WARNING * * *
You barely miss PeterLawrence's ghost.
PeterLawrence's ghost is heavily damaged.
You barely miss the adder. PeterLawrence's ghost hits you.
* * * LOW HITPOINT WARNING * * *
You block the adder's attack.
You hit PeterLawrence's ghost.
PeterLawrence's ghost is heavily damaged.
You hit the adder.
You block PeterLawrence's ghost's attack.
You block the adder's attack.
You slash PeterLawrence's ghost!
PeterLawrence's ghost is severely damaged.
You slash the adder!
You are feeling hungry.
The adder bites you but does no damage. PeterLawrence's ghost hits you!
* * * LOW HITPOINT WARNING * * *
The adder bites you but does no damage.
PeterLawrence's ghost hits you but does no damage.
You are electrocuted!
You die...

..........# .#
..........# .
.#.######.#.####
.................
.#.#####.#.#####.
.............#
.#.####....#..#
#...S........
#.#@.#.###..#
######.#W##.# #.#
.......))# .# #
.........# .#
.........#
.........#
..........
...........
...........


You could see PeterLawrence's ghost and an adder.

Vanquished Creatures
  A phantom (D:4)
  An ogre (D:4)
  2 scorpions (D:4)
  2 howler monkeys
  2 orc priests
  A hound (D:4)
  Jessica (D:3)
  Terence (D:2)
  A worker ant (D:4)
  Robin (D:2)
  10 adders
  3 oozes
  An adder skeleton (D:2)
  A worm (D:4)
  3 dart slugs
  5 leopard geckos
  13 orcs
  2 giant cockroaches (D:2)
  20 goblins
  9 hobgoblins
  10 jackals
  5 kobolds
  5 bats
  A frilled lizard (D:1)
  A giant cockroach zombie (D:2)
  A jackal zombie (D:5)
  10 rats
113 creatures vanquished.

Notes
Turn   | Place    | Note
-------+----------+-------------------------------------------
     0 | D:1      | sankara the Hill Orc Fighter began the quest for the Orb.
     0 | D:1      | Reached XP level 1. HP: 19/19 MP: 1/1
    15 | D:1      | Reached skill level 3 in Axes
   316 | D:1      | Reached XP level 2. HP: 26/26 MP: 2/2
   396 | D:1      | You fall through a shaft!
   421 | D:2      | Reached skill level 4 in Axes
   555 | D:2      | Reached XP level 3. HP: 31/31 MP: 3/3
   566 | D:2      | Noticed Robin
   578 | D:2      | Reached skill level 5 in Axes
   587 | D:2      | Killed Robin
   591 | D:2      | HP: 5/31 [goblin[Robin] (5)]
   876 | D:2      | Reached XP level 4. HP: 38/39 MP: 4/4
   914 | D:2      | Noticed Terence
   944 | D:2      | Killed Terence
   944 | D:2      | Reached skill level 6 in Axes
  1053 | D:2      | Found a shattered altar of Ashenzari.
  1056 | D:2      | Became a worshipper of Ashenzari the Shackled
  1363 | D:1      | Reached XP level 5. HP: 45/45 MP: 5/5
  2297 | D:3      | Reached skill level 7 in Axes
  2605 | D:3      | Found a blossoming altar of Fedhas.
  2695 | D:3      | Reached skill level 8 in Axes
  2695 | D:3      | Reached XP level 6. HP: 51/51 MP: 6/6
  2724 | D:3      | Noticed Jessica
  2728 | D:3      | Killed Jessica
  3182 | D:4      | Reached skill level 9 in Axes
  3292 | D:4      | Noticed a phantom
  3317 | D:4      | Killed a phantom
  3317 | D:4      | Reached XP level 7. HP: 44/57 MP: 7/7
  3465 | D:4      | Reached skill level 10 in Axes
  3918 | D:5      | Entered Level 5 of the Dungeon
  3950 | D:5      | Reached skill level 11 in Axes
  4002 | D:5      | Noticed PeterLawrence's ghost (amateur MiFi)
  4011 | D:5      | Gained mutation: Your movements are slightly less encumbered by armour. (ER -2) [potion of mutation]
  4011 | D:5      | Gained mutation: Your natural rate of healing is unusually fast. [potion of mutation]
  4011 | D:5      | HP: 13/57 [PeterLawrence's ghost (14)]
  4017 | D:5      | HP: 2/57 [PeterLawrence's ghost (8)]
  4017 | D:5      | Mangled by PeterLawrence's ghost

Vault maps used:
D:1:      erik_arrival_blinker_ship, serial_aquarium, aquarium_bridge_square,
          aquarium_bridge_island_small, aquarium_window_3, aquarium_window_1,
          aquarium_window_1, aquarium_view_2g, aquarium_view_2c
D:2:      ashenzari_conservatory_becter, serial_undead, serial_undead_e,
          serial_undead_f, serial_undead_c, serial_undead_e, uniq_terence,
          uniq_robin
D:3:      overflow_temple_1_default, first_ration, minmay_goblin_outpost,
          uniq_jessica
D:5:      minmay_temple_entry_crystal_x, basic_altar, kennysheep_generic_room_4

Skill      XL: |  1  2  3  4  5  6  7 |
---------------+----------------------+-----
Axes           | 3 4 5 6 8 9 11 | 11.0
Fighting       | |  3.6
Armour         | |  3.2
Shields        | |  3.2

Action                   |  1- 3 |  4- 6 |  7- 9 || total
-------------------------+-------+-------+-------++-------
Melee: War axe           |    77 |   214 |    76 ||   367
Throw: Javelin           |       |       |     1 ||     1
Invok: Curse Item        |       |     2 |       ||     2
  Use: Potion            |       |       |     3 ||     3
  Eat: Chunk             |       |     8 |     2 ||    10
Armor: Scale mail        |    46 |   106 |    21 ||   173
Dodge: Dodged            |    36 |    91 |    25 ||   152
Block: Shield            |    46 |   112 |    34 ||   192

Table legend:
 A = Spawn XP
 B = Non-spawn XP
 C = Spawn XP percentage of total XP
 D = Spawn monster count
 E = Non-spawn monster count
 F = Spawn count percentage of total count
 G = Total turns spent on level
                    A         B        C        D         E        F      G
               +---------+---------+-------+---------+---------+-------+---------
         Total |       0 |    1062 |   0.0 |       0 |     113 |   0.0 |  4017
               +---------+---------+-------+---------+---------+-------+---------
           D:1 |       0 |      38 |   0.0 |       0 |      20 |   0.0 |  1155
           D:2 |       0 |     212 |   0.0 |       0 |      38 |   0.0 |  1343
           D:3 |       0 |     140 |   0.0 |       0 |      31 |   0.0 |   591
           D:4 |       0 |     596 |   0.0 |       0 |      17 |   0.0 |   829
           D:5 |       0 |      76 |   0.0 |       0 |       7 |   0.0 |    99
               +---------+---------+-------+---------+---------+-------+---------

Vault maps used:
D:1:      erik_arrival_blinker_ship, serial_aquarium, aquarium_bridge_square,
          aquarium_bridge_island_small, aquarium_window_3, aquarium_window_1,
          aquarium_window_1, aquarium_view_2g, aquarium_view_2c
D:2:      ashenzari_conservatory_becter, serial_undead, serial_undead_e,
          serial_undead_f, serial_undead_c, serial_undead_e, uniq_terence,
          uniq_robin
D:3:      overflow_temple_1_default, first_ration, minmay_goblin_outpost,
          uniq_jessica
D:5:      minmay_temple_entry_crystal_x, basic_altar, kennysheep_generic_room_4

Table legend:
 A = Turns spent in this place as a percentage of turns spent in the entire game.
 B = Non-inter-level travel turns spent in this place as a percentage of non-inter-level travel turns spent in the entire game.
 C = Inter-level travel turns spent in this place as a percentage of turns spent in this place.
 D = Turns resting spent in this place as a percentage of non-inter-level travel turns spent in this place.
 E = Turns spent auto-exploring this place as a percentage of non-inter-level travel turns spent in this place.
 F = Non-inter-level travel turns spent in this place divided by the number of levels of this place that you've seen.
                   A       B       C       D       E      F
               +-------+-------+-------+-------+-------+----------------------
         Total | 100.0 | 100.0 |   1.9 |  29.9 |  48.1 | 788.2
       Dungeon | 100.0 | 100.0 |   1.9 |  29.9 |  48.1 | 788.2
               +-------+-------+-------+-------+-------+----------------------

Table legend:
 A = Kills in this place as a percentage of kills in entire the game.
 B = Kills by you in this place as a percentage of kills by you in the entire game.
 C = Kills by friends in this place as a percentage of kills by friends in the entire game.
 D = Other kills in this place as a percentage of other kills in the entire game.
 E = Experience gained in this place as a percentage of experience gained in the entire game.
 F = Experience gained in this place divided by the number of levels of this place that you have seen.
                   A       B       C       D       E      F
               +-------+-------+-------+-------+-------+----------------------
         Total | 100.0 | 100.0 |   N/A |   N/A | 100.0 | 212.4
       Dungeon | 100.0 | 100.0 |   N/A |   N/A | 100.0 | 212.4
               +-------+-------+-------+-------+-------+----------------------
